[Event "GambitGuide"]
[Site "Internet Chess Club"]
[Date "2014.10.31"]
[Round "1"]
[White "JSBach"]
[Black "RamRock"]
[Result "1-0"]
[ICCResult "Black resigns"]
[WhiteElo "1639"]
[BlackElo "1685"]
[Opening "Vienna: `Frankenstein-Dracula' variation"]
[ECO "C27"]
[NIC "VG.02"]
[Time "21:12:33"]
[TimeControl "120+12"]

1. e4 e5 2. Nc3 Nf6 3. Bc4 Nxe4 4. Qh5 Nd6 5. Bb3 Nc6 6. Nb5 g6 7. Qf3 f5 8.
Qd5 Qe7 9. Nxc7+ Kd8 10. Nxa8 b6 11. d3 Bb7 12. Nxb6 axb6 13. Qf3 Bg7 14. c3
Nb5 15. Be3 f4 16. Bxb6+ {Black resigns} 1-0

[Event "GambitGuide"]
[Site "Internet Chess Club"]
[Date "2014.10.31"]
[Round "1"]
[White "JSBach"]
[Black "Attalus"]
[Result "1-0"]
[ICCResult "Black resigns"]
[WhiteElo "1639"]
[BlackElo "1325"]
[Opening "Vienna: `Frankenstein-Dracula' variation"]
[ECO "C27"]
[NIC "VG.02"]
[Time "21:11:37"]
[TimeControl "120+12"]

1. e4 e5 2. Nc3 Nf6 3. Bc4 Nxe4 4. Qh5 Nd6 5. Bb3 Nc6 6. Nb5 g6 7. Qf3 f5 8.
Qd5 Qe7 9. Nxc7+ Kd8 10. Nxa8 b6 11. d3 Nb4 12. Qf3 Bb7 13. Qg3 Bxa8 14. Bg5
Qxg5 15. Qxg5+ Be7 16. Qg3 f4 17. Qg4 Nf5 18. Nf3 Bd6 19. a3 Nc6 20. c3 Nce7
21. Bc4 Bd5 22. Bxd5 Nxd5 23. O-O-O b5 24. d4 a5 25. dxe5 Be7 26. Rxd5
{Black resigns}
1-0

[Event "GambitGuide"]
[Site "Internet Chess Club"]
[Date "2014.10.31"]
[Round "1"]
[White "JSBach"]
[Black "croder"]
[Result "1-0"]
[ICCResult "Black resigns"]
[WhiteElo "1639"]
[BlackElo "1604"]
[Opening "Vienna: `Frankenstein-Dracula' variation"]
[ECO "C27"]
[NIC "VG.02"]
[Time "21:12:47"]
[TimeControl "120+12"]

1. e4 e5 2. Nc3 Nf6 3. Bc4 Nxe4 4. Qh5 Nd6 5. Bb3 Nc6 6. Nb5 g6 7. Qf3 f5 8.
Qd5 Qe7 9. Nxc7+ Kd8 10. Nxa8 b6 11. d3 Bb7 12. Nxb6 axb6 13. Qf3 Kc7 14.
Bd2 Qf6 15. Be3 h6 16. Bd5 Nd4 17. Bxd4 exd4 18. Ne2 Bg7 19. O-O Re8 20.
Rfe1 Bxd5 21. Qxd5 Qe5 22. Qb3 Qc5 23. Nf4 Rxe1+ 24. Rxe1 g5 25. Nd5+ Kb7
26. Re7 Bf8 27. Rxd7+ Kc8 28. Nxb6+ Kb8 29. Na4+ Qb5 30. Rd8+ Kc7 31. Qxb5
Nxb5 32. Rxf8 Nd6 33. Rf6 h5 34. c4 dxc3 35. bxc3 f4 36. h4 gxh4 37. Rxf4
Kd7 38. Rxh4 Ke6 39. Nc5+ Kf6 40. Rxh5 Kg6 41. g4 Nf7 42. a4 Ng5 43. Rxg5+
Kxg5 44. f3 {Black resigns} 1-0

[Event "GambitGuide"]
[Site "Internet Chess Club"]
[Date "2014.10.31"]
[Round "1"]
[White "JSBach"]
[Black "Svinotigr"]
[Result "1-0"]
[ICCResult "Black resigns"]
[WhiteElo "1657"]
[BlackElo "1757"]
[Opening "Vienna: `Frankenstein-Dracula' variation"]
[ECO "C27"]
[NIC "VG.02"]
[Time "21:08:42"]
[TimeControl "120+12"]

1. e4 e5 2. Nc3 Nf6 3. Bc4 Nxe4 4. Qh5 Nd6 5. Bb3 Nc6 6. Nb5 g6 7. Qf3 f5 8.
Qd5 Qe7 9. Nxc7+ Kd8 10. Nxa8 b6 11. d3 Bb7 12. Nxb6 axb6 13. Qf3 Nd4 14.
Qg3 f4 15. Qg4 g5 16. Ba4 b5 17. Bb3 h5 18. Qd1 Bxg2 19. Bd5 Bxh1 20. Bxh1
g4 21. c3 Nc6 22. Qe2 Bg7 23. a4 b4 24. Bxc6 dxc6 25. Bd2 e4 26. Kf1 Re8 27.
Bxf4 bxc3 28. bxc3 Bxc3 29. Rd1 exd3 30. Qxd3 Bb4 31. Bxd6 {Black resigns}
1-0

[Event "GambitGuide"]
[Site "Internet Chess Club"]
[Date "2014.10.31"]
[Round "1"]
[White "JSBach"]
[Black "RamRock"]
[Result "1-0"]
[ICCResult "Black resigns"]
[WhiteElo "1657"]
[BlackElo "1685"]
[Opening "Vienna: `Frankenstein-Dracula' variation"]
[ECO "C27"]
[NIC "VG.02"]
[Time "21:13:04"]
[TimeControl "120+12"]

1. e4 e5 2. Nc3 Nf6 3. Bc4 Nxe4 4. Qh5 Nd6 5. Bb3 Nc6 6. Nb5 g6 7. Qf3 f5 8.
Qd5 Qe7 9. Nxc7+ Kd8 10. Nxa8 b6 11. d3 Bb7 12. Nxb6 axb6 13. Qf3 Bg7 14.
Be3 b5 15. Bd5 Nb4 16. Bg5 Bf6 17. Bxb7 Bxg5 18. Kf1 Nxc2 19. Rd1 Nd4 20.
Qd5 Kc7 21. Ba6 Rb8 22. Re1 Bf6 23. f4 Nc6 24. fxe5 Bxe5 25. d4 Nxd4 26.
Rxe5 Qg5 27. Qxd4 Qc1+ 28. Kf2 Ne4+ 29. Rxe4 fxe4 30. Qa7+ Kd6 31. Qxb8+ Ke7
32. Qe5+ {Black resigns} 1-0

[Event "GambitGuide"]
[Site "Internet Chess Club"]
[Date "2014.10.31"]
[Round "1"]
[White "JSBach"]
[Black "RamRock"]
[Result "1-0"]
[ICCResult "Black resigns"]
[WhiteElo "1657"]
[BlackElo "1685"]
[Opening "Vienna: `Frankenstein-Dracula' variation"]
[ECO "C27"]
[NIC "VG.02"]
[Time "21:15:20"]
[TimeControl "120+12"]

1. e4 e5 2. Nc3 Nf6 3. Bc4 Nxe4 4. Qh5 Nd6 5. Bb3 Nc6 6. Nb5 g6 7. Qf3 f5 8.
Qd5 Qe7 9. Nxc7+ Kd8 10. Nxa8 b6 11. d3 Bb7 12. Nxb6 axb6 13. Qf3 Bg7 14.
Be3 b5 15. Bd5 Nb4 16. Bg5 Bf6 17. Bxb7 Bxg5 18. Kf1 Nxb7 19. Qxb7 Qc5 20.
Qa8+ Qc8 21. Qa5+ {Black resigns} 1-0

[Event "GambitGuide"]
[Site "Internet Chess Club"]
[Date "2014.10.31"]
[Round "1"]
[White "JSBach"]
[Black "graccus"]
[Result "0-1"]
[ICCResult "White checkmated"]
[WhiteElo "1657"]
[BlackElo "1364"]
[Opening "Vienna: `Frankenstein-Dracula' variation"]
[ECO "C27"]
[NIC "VG.02"]
[Time "21:14:48"]
[TimeControl "120+12"]

1. e4 e5 2. Nc3 Nf6 3. Bc4 Nxe4 4. Qh5 Nd6 5. Bb3 Nc6 6. Nb5 g6 7. Qf3 f5 8.
Qd5 Qe7 9. Nxc7+ Kd8 10. Nxa8 b6 11. d3 Bb7 12. Nxb6 axb6 13. Qf3 Nd4 14.
Qh3 f4 15. Ba4 Bc6 16. Bb3 h5 17. Bd2 g5 18. Bb4 g4 19. Bxd6 Qxd6 20. Qh4+
Be7 21. Qxe7+ Qxe7 22. Kf1 f3 23. gxf3 Nxf3 24. Nxf3 Bxf3 25. Rg1 Qh4 26. c3
Qh3+ 27. Ke1 Qxh2 28. Kf1 h4 29. Rc1 g3 30. Rxg3 hxg3 31. fxg3 Qg2+ 32. Ke1
Qe2# {White checkmated} 0-1

[Event "GambitGuide"]
[Site "Internet Chess Club"]
[Date "2014.10.31"]
[Round "1"]
[White "JSBach"]
[Black "croder"]
[Result "1-0"]
[ICCResult "Black resigns"]
[WhiteElo "1657"]
[BlackElo "1604"]
[Opening "Vienna: `Frankenstein-Dracula' variation"]
[ECO "C27"]
[NIC "VG.02"]
[Time "21:14:15"]
[TimeControl "120+12"]

1. e4 e5 2. Nc3 Nf6 3. Bc4 Nxe4 4. Qh5 Nd6 5. Bb3 Nc6 6. Nb5 g6 7. Qf3 f5 8.
Qd5 Qe7 9. Nxc7+ Kd8 10. Nxa8 b6 11. d3 Bb7 12. Nxb6 axb6 13. Qf3 Kc7 14. c3
h6 15. Bd5 Qf6 16. Be3 Ne7 17. Bxb7 Nxb7 18. Ne2 Nc6 19. Qd5 Nd6 20. Qb3 Nc8
21. d4 e4 22. d5 Ne5 23. Bf4 d6 24. Bxe5 Qxe5 25. Qb5 f4 26. Qc6+ Kd8 27.
Nd4 e3 28. Ne6+ Ke7 29. Qxc8 exf2+ 30. Kxf2 Qe3+ 31. Kf1 f3 32. Qd8+ Kf7 33.
Qd7+ Kf6 34. Qd8+ Be7 35. Qxh8+ Kf5 36. Nd4+ Kg5 37. Nxf3+ Kh5 38. Qd4 Qxd4
39. Nxd4 Bf6 40. Kf2 g5 41. Rad1 g4 42. Rhe1 Be5 43. Rxe5+ dxe5 44. d6
{Black resigns}
1-0

[Event "GambitGuide"]
[Site "Internet Chess Club"]
[Date "2014.10.31"]
[Round "1"]
[White "JSBach"]
[Black "FischerKing"]
[Result "1-0"]
[ICCResult "Black resigns"]
[WhiteElo "1657"]
[BlackElo "1739"]
[Opening "Vienna: `Frankenstein-Dracula' variation"]
[ECO "C27"]
[NIC "VG.02"]
[Time "21:12:47"]
[TimeControl "120+12"]

1. e4 e5 2. Nc3 Nf6 3. Bc4 Nxe4 4. Qh5 Nd6 5. Bb3 Nc6 6. Nb5 g6 7. Qf3 f5 8.
Qd5 Qe7 9. Nxc7+ Kd8 10. Nxa8 b6 11. d3 Nd4 12. h4 Bb7 13. Bg5 Bxd5 14.
Bxe7+ Bxe7 15. Nxb6 Bxb3 16. Rc1 Bxc2 17. Nc4 Bxd3 18. Nxe5 Bf6 19. Nxd3
Re8+ 20. Kd1 Ne4 21. f3 Ng3 22. Rh3 Nf1 23. Nf4 Ne3+ 24. Kd2 Nb5 25. Rc5 a6
26. b4 Bd4 27. Rc1 Nd6 28. Nge2 Bb6 29. Kd3 Nec4 30. Nd5 Ba7 31. Rh2 Re5 32.
Nef4 Ne3 33. Nf6 Ke7 34. Nxh7 Kf7 35. Rc7 {Black resigns} 1-0

[Event "GambitGuide"]
[Site "Internet Chess Club"]
[Date "2014.10.31"]
[Round "1"]
[White "JSBach"]
[Black "graccus"]
[Result "0-1"]
[ICCResult "White checkmated"]
[WhiteElo "1657"]
[BlackElo "1364"]
[Opening "Vienna: `Frankenstein-Dracula' variation"]
[ECO "C27"]
[NIC "VG.02"]
[Time "21:16:12"]
[TimeControl "120+12"]

1. e4 e5 2. Nc3 Nf6 3. Bc4 Nxe4 4. Qh5 Nd6 5. Bb3 Nc6 6. Nb5 g6 7. Qf3 f5 8.
Qd5 Qe7 9. Nxc7+ Kd8 10. Nxa8 b6 11. d3 Bb7 12. Nxb6 axb6 13. Qf3 Nd4 14.
Qh3 f4 15. Ba4 Bc6 16. Bb3 h5 17. Bd2 g5 18. Bb4 g4 19. Bxd6 Qxd6 20. Qh4+
Be7 21. Qxe7+ Qxe7 22. Kf1 f3 23. gxf3 Nxf3 24. Nxf3 Bxf3 25. Rg1 Qh4 26.
Rb1 Qxh2 27. c3 h4 28. Bf7 g3 29. Rxg3 hxg3 30. fxg3 Qg2+ 31. Ke1 Qe2#
{White checkmated}
0-1

[Event "GambitGuide"]
[Site "Internet Chess Club"]
[Date "2014.10.31"]
[Round "1"]
[White "JSBach"]
[Black "zugknightly"]
[Result "1-0"]
[ICCResult "Black checkmated"]
[WhiteElo "1657"]
[BlackElo "1476"]
[Opening "Vienna: `Frankenstein-Dracula' variation"]
[ECO "C27"]
[NIC "VG.02"]
[Time "21:11:28"]
[TimeControl "120+12"]

1. e4 e5 2. Nc3 Nf6 3. Bc4 Nxe4 4. Qh5 Nd6 5. Bb3 Nc6 6. Nb5 g6 7. Qf3 f5 8.
Qd5 Qe7 9. Nxc7+ Kd8 10. Nxa8 b6 11. d3 e4 12. dxe4 Nxe4 13. Be3 f4 14. f3
Nc3 15. bxc3 Qxe3+ 16. Kf1 Ba6+ 17. c4 Nb4 18. Qf7 Bc5 19. Qf6+ Kc8 20.
Qxh8+ Kb7 21. Nh3 Nd3 22. cxd3 Qxd3+ 23. Ke1 Bb4+ 24. Kf2 Bxc4 25. Nxf4 Bc5+
26. Kg3 Qf5 27. Bxc4 Qg5+ 28. Kh3 Qf5+ 29. g4 Qxf4 30. Bd5+ Ka6 31. Qxh7 g5
32. Qxd7 b5 33. Nc7+ Kb6 34. Qc6+ Ka5 35. Qxb5# {Black checkmated} 1-0

[Event "GambitGuide"]
[Site "Internet Chess Club"]
[Date "2014.10.31"]
[Round "1"]
[White "JSBach"]
[Black "croder"]
[Result "1-0"]
[ICCResult "Black resigns"]
[WhiteElo "1657"]
[BlackElo "1604"]
[Opening "Vienna: `Frankenstein-Dracula' variation"]
[ECO "C27"]
[NIC "VG.02"]
[Time "21:16:08"]
[TimeControl "120+12"]

1. e4 e5 2. Nc3 Nf6 3. Bc4 Nxe4 4. Qh5 Nd6 5. Bb3 Nc6 6. Nb5 g6 7. Qf3 f5 8.
Qd5 Qe7 9. Nxc7+ Kd8 10. Nxa8 b6 11. d3 Bb7 12. Nxb6 axb6 13. Qf3 Kc7 14. c3
Qf6 15. Bd5 Ne7 16. Bxb7 Nxb7 17. Be3 d5 18. Ne2 Nd6 19. d4 e4 20. Qf4 h6
21. Qe5 Qxe5 22. dxe5 Nf7 23. Bd4 Nc6 24. e6 Nfe5 25. Bxe5+ Nxe5 26. Nf4 Kd6
27. O-O-O Nd3+ 28. Nxd3 exd3 29. Rhe1 Be7 30. Rxd3 Rc8 31. f3 Rc4 32. Rd4
Rxd4 33. cxd4 b5 34. Kc2 g5 35. a3 f4 36. g3 fxg3 37. hxg3 h5 38. Kc3 g4 39.
f4 h4 40. gxh4 Bxh4 41. Rh1 Be7 42. f5 g3 43. Rg1 Bh4 44. Kb4 Ke7 45. Kxb5
Kf6 46. Kc5 Kxf5 47. Kxd5 Kf4 48. b4 Kf3 49. Kd6 Kf2 50. Rc1 g2 51. e7 Bg3+
52. Kd5 g1=Q 53. Rxg1 Kxg1 54. e8=Q Bf2 55. Qg6+ Kf1 56. Qd3+ Kg2 57. Qe4+
Kf1 58. b5 Be1 59. Qxe1+ Kxe1 60. b6 {Black resigns} 1-0

[Event "GambitGuide"]
[Site "Internet Chess Club"]
[Date "2014.10.31"]
[Round "1"]
[White "JSBach"]
[Black "RamRock"]
[Result "1-0"]
[ICCResult "Black resigns"]
[WhiteElo "1657"]
[BlackElo "1685"]
[Opening "Vienna: `Frankenstein-Dracula' variation"]
[ECO "C27"]
[NIC "VG.02"]
[Time "21:16:04"]
[TimeControl "120+12"]

1. e4 e5 2. Nc3 Nf6 3. Bc4 Nxe4 4. Qh5 Nd6 5. Bb3 Nc6 6. Nb5 g6 7. Qf3 f5 8.
Qd5 Qe7 9. Nxc7+ Kd8 10. Nxa8 b6 11. d3 Bg7 12. Ba4 Bb7 13. Nxb6 axb6 14.
Qb3 b5 15. Be3 Nd4 16. Bxd4 exd4+ 17. Kf1 Bc6 18. Bxb5 Nxb5 19. a4 Nd6 20.
Qb8+ Nc8 21. Qb3 Re8 22. Qc4 Nb6 23. Qa6 Nd5 24. a5 Bh6 25. Qa7 Qe6 26. Qxd4
Bd2 27. Nf3 Bh6 28. Re1 Qf7 29. Qh4+ Nf6 30. Qxh6 Rxe1+ 31. Nxe1 Qe7 32. Qe3
Qf7 33. Qe5 {Black resigns} 1-0

[Event "GambitGuide"]
[Site "Internet Chess Club"]
[Date "2014.10.31"]
[Round "1"]
[White "JSBach"]
[Black "Svinotigr"]
[Result "1-0"]
[ICCResult "Black resigns"]
[WhiteElo "1657"]
[BlackElo "1757"]
[Opening "Vienna: `Frankenstein-Dracula' variation"]
[ECO "C27"]
[NIC "VG.02"]
[Time "21:14:41"]
[TimeControl "120+12"]

1. e4 e5 2. Nc3 Nf6 3. Bc4 Nxe4 4. Qh5 Nd6 5. Bb3 Nc6 6. Nb5 g6 7. Qf3 f5 8.
Qd5 Qe7 9. Nxc7+ Kd8 10. Nxa8 b6 11. d3 Bb7 12. Nxb6 axb6 13. Qf3 Nd4 14.
Qh3 e4 15. Be3 exd3 16. O-O-O Nxb3+ 17. cxb3 Bg7 18. Bxb6+ Kc8 19. Kb1 Qf6
20. Rc1+ Bc6 21. Rc3 d2 22. Nf3 Ne4 23. Rc2 Nxf2 24. Bxf2 {Black resigns}
1-0

[Event "GambitGuide"]
[Site "Internet Chess Club"]
[Date "2014.10.31"]
[Round "1"]
[White "JSBach"]
[Black "RamRock"]
[Result "1-0"]
[ICCResult "Black checkmated"]
[WhiteElo "1657"]
[BlackElo "1685"]
[Opening "Vienna: `Frankenstein-Dracula' variation"]
[ECO "C27"]
[NIC "VG.02"]
[Time "21:18:19"]
[TimeControl "120+12"]

1. e4 e5 2. Nc3 Nf6 3. Bc4 Nxe4 4. Qh5 Nd6 5. Bb3 Nc6 6. Nb5 g6 7. Qf3 f5 8.
Qd5 Qe7 9. Nxc7+ Kd8 10. Nxa8 b6 11. d3 Nb4 12. Bg5 Qxg5 13. Qxe5 Qxg2 14.
Qxh8 Ke8 15. Nc7+ Ke7 16. Nd5+ Ke8 17. Qe5+ Kd8 18. Qf6+ Ke8 19. Nc7#
{Black checkmated}
1-0

[Event "GambitGuide"]
[Site "Internet Chess Club"]
[Date "2014.10.31"]
[Round "1"]
[White "JSBach"]
[Black "ADT"]
[Result "1-0"]
[ICCResult "Black resigns"]
[WhiteElo "1657"]
[BlackElo "1860"]
[Opening "Vienna: `Frankenstein-Dracula' variation"]
[ECO "C27"]
[NIC "VG.02"]
[Time "21:17:49"]
[TimeControl "120+12"]

1. e4 e5 2. Nc3 Nf6 3. Bc4 Nxe4 4. Qh5 Nd6 5. Bb3 Nc6 6. Nb5 g6 7. Qf3 f5 8.
Qd5 Qe7 9. Nxc7+ Kd8 10. Nxa8 b6 11. d3 Bb7 12. Nxb6 axb6 13. Qf3 Na5 14.
Qe3 Nxb3 15. axb3 Bg7 16. Qxb6+ Ke8 17. f3 Kf7 18. Bd2 Bc6 19. b4 h5 20. Qc5
Bh6 21. Bxh6 Rxh6 22. Ra5 Nb7 23. Qxe7+ Kxe7 24. Rxe5+ Kf6 25. Re3 Rh8 26.
b3 Ra8 27. Re2 Nd8 28. Kd2 Ne6 29. h4 Nf4 30. Rf2 Rb8 31. g3 Ne6 32. Kc3 d5
33. Ne2 Nc7 34. Nd4 Nb5+ 35. Nxb5 Bxb5 36. Re1 Rb6 37. Rfe2 Bd7 38. Kd4 Rd6
39. Kc5 Re6 40. Rxe6+ Bxe6 41. c4 dxc4 42. bxc4 {Black resigns} 1-0

[Event "GambitGuide"]
[Site "Internet Chess Club"]
[Date "2014.10.31"]
[Round "1"]
[White "JSBach"]
[Black "graccus"]
[Result "1-0"]
[ICCResult "Black resigns"]
[WhiteElo "1657"]
[BlackElo "1364"]
[Opening "Vienna: `Frankenstein-Dracula' variation"]
[ECO "C27"]
[NIC "VG.02"]
[Time "21:17:43"]
[TimeControl "120+12"]

1. e4 e5 2. Nc3 Nf6 3. Bc4 Nxe4 4. Qh5 Nd6 5. Bb3 Nc6 6. Nb5 g6 7. Qf3 f5 8.
Qd5 Qe7 9. Nxc7+ Kd8 10. Nxa8 b6 11. d3 Bb7 12. Nxb6 axb6 13. Qf3 Nd4 14.
Qg3 f4 15. Qg4 Qf6 16. Ba4 Bc6 17. Bb3 h5 18. Qh3 g5 19. f3 g4 20. fxg4 hxg4
21. Qxg4 Rh6 22. Nf3 Nxf3+ 23. gxf3 Rg6 24. Qh5 Rg5 25. Qh3 Rg6 26. Bd2 Rh6
27. Qg4 Rg6 28. Qh3 Rh6 29. Qg4 Rg6 30. Qh5 Rh6 31. Qg4 Rg6 32. Qh3 Rh6 33.
Qg2 Rg6 34. Qf2 Qg7 35. Qxb6+ Ke7 36. Ba5 {Black resigns} 1-0

[Event "GambitGuide"]
[Site "Internet Chess Club"]
[Date "2014.10.31"]
[Round "1"]
[White "JSBach"]
[Black "croder"]
[Result "1-0"]
[ICCResult "Black resigns"]
[WhiteElo "1657"]
[BlackElo "1604"]
[Opening "Vienna: `Frankenstein-Dracula' variation"]
[ECO "C27"]
[NIC "VG.02"]
[Time "21:17:59"]
[TimeControl "120+12"]

1. e4 e5 2. Nc3 Nf6 3. Bc4 Nxe4 4. Qh5 Nd6 5. Bb3 Nc6 6. Nb5 g6 7. Qf3 f5 8.
Qd5 Qe7 9. Nxc7+ Kd8 10. Nxa8 b6 11. d3 Bb7 12. Nxb6 axb6 13. Qf3 Kc7 14.
Be3 h6 15. Bd5 Qf6 16. a3 g5 17. Rd1 f4 18. h3 Bg7 19. Bxb6+ Kxb6 20. Qg4
Nd4 21. Bxb7 Nxb7 22. c3 Ne6 23. Qf3 Qe7 24. Qd5 Qd6 25. Qc4 Qc6 26. Qe4
Qxe4+ 27. dxe4 Kc6 28. b4 h5 29. a4 g4 30. hxg4 hxg4 31. b5+ Kc7 32. Rxh8
Bxh8 33. f3 g3 34. Ne2 Nbc5 35. a5 Nb3 36. a6 Kb6 37. Rxd7 Kxb5 38. a7 Nec5
39. Rd5 Kb6 40. a8=Q Bf6 41. Qb8+ Ka5 42. Qxb3 {Black resigns} 1-0

[Event "GambitGuide"]
[Site "Internet Chess Club"]
[Date "2014.10.31"]
[Round "1"]
[White "JSBach"]
[Black "absolute84"]
[Result "1/2-1/2"]
[ICCResult "Game drawn by repetition"]
[WhiteElo "1657"]
[BlackElo "1897"]
[Opening "Vienna: `Frankenstein-Dracula' variation"]
[ECO "C27"]
[NIC "VG.02"]
[Time "21:17:37"]
[TimeControl "120+12"]

1. e4 e5 2. Nc3 Nf6 3. Bc4 Nxe4 4. Qh5 Nd6 5. Bb3 Nc6 6. Nb5 g6 7. Qf3 f5 8.
Qd5 Qe7 9. Nxc7+ Kd8 10. Nxa8 b6 11. d3 Bb7 12. Nxb6 axb6 13. Qf3 Kc7 14.
Be3 Nd4 15. Qh3 Bg7 16. Rc1 e4 17. Qg3 exd3 18. cxd3+ Kb8 19. Ba4 Be5 20. f4
Bf6 21. Kf2 Bh4 22. Bxd4 Bxg3+ 23. Kxg3 Re8 24. Bxb6 Rc8 25. Bc5 Rxc5 26.
Rxc5 Ne4+ 27. dxe4 Qxc5 28. exf5 Qxf5 29. b4 Qd3+ 30. Nf3 Bxf3 31. gxf3 Qc4
32. Bxd7 Qxb4 33. a4 Kc7 34. Rd1 Qb3 35. Rd2 Qe3 36. Rd1 Qe2 37. Rd5 Qe1+
38. Kg4 Qg1+ 39. Kh3 Qf1+ 40. Kg3 Qg1+ 41. Kh3 Qf1+ 42. Kg3 Qg1+ 43. Kh3
Qf1+ 44. Kg3 {Game drawn by repetition} 1/2-1/2

[Event "GambitGuide"]
[Site "Internet Chess Club"]
[Date "2014.10.31"]
[Round "1"]
[White "JSBach"]
[Black "ericsfriend"]
[Result "1/2-1/2"]
[ICCResult "Game drawn by repetition"]
[WhiteElo "1657"]
[BlackElo "1153"]
[Opening "Vienna: `Frankenstein-Dracula' variation"]
[ECO "C27"]
[NIC "VG.02"]
[Time "21:09:11"]
[TimeControl "120+12"]

1. e4 e5 2. Nc3 Nf6 3. Bc4 Nxe4 4. Qh5 Nd6 5. Bb3 Nc6 6. Nb5 g6 7. Qf3 f5 8.
Qd5 Qe7 9. Nxc7+ Kd8 10. Nxa8 b6 11. d3 Nb4 12. Qf3 Bb7 13. Qe3 Bxg2 14. a3
Nxc2+ 15. Bxc2 Bxh1 16. Nf3 e4 17. dxe4 Nxe4 18. Kf1 Qf6 19. Qf4 Bd6 20. Qe3
Re8 21. Bxe4 Rxe4 22. Qg5 Qxg5 23. Nxg5 Rg4 24. Nf7+ Ke7 25. Nxd6 Kxd6 26.
h3 Bg2+ 27. Ke2 Re4+ 28. Be3 Kc6 29. f3 Re6 30. Rc1+ Kb7 31. Nc7 Rc6 32. Nd5
Bxh3 33. Nf4 Rxc1 34. Bxc1 Bg4 35. fxg4 fxg4 36. Kf2 h5 37. Be3 h4 38. Nxg6
h3 39. Kg3 d5 40. Bd4 Kc6 41. b3 b5 42. Ne5+ Kd6 43. Nxg4 b4 44. axb4 Kc6
45. Kxh3 Kb5 46. Nf6 Kxb4 47. Bxa7 d4 48. Bxd4 Kxb3 49. Be5 Kc4 50. Bd6 Kd4
51. Kg2 Ke3 52. Kg3 Ke2 53. Ng4 Kd3 54. Kf2 Ke4 55. Ne3 Kd4 56. Kf3 Kd3 57.
Nf5 Kc4 58. Ke4 Kc3 59. Nd4 Kc4 60. Bf8 Kc3 61. Nc6 Kc4 62. Nd4 Kc3 63. Bd6
Kc4 64. Be7 Kc3 65. Bc5 Kc4 66. Bd6 Kc3 67. Kd5 Kd3 68. Bf4 Kc3 69. Ne6 Kd3
70. Nd4 Kc3 71. Be5 Kd3 72. Ne6 Ke3 73. Bd6 Kd3 74. Bg3 Ke3 75. Be5 Kd3 76.
Bf4 Ke2 77. Be5 Ke3 78. Bd6 Kd3 79. Ng7 Ke3 80. Be5 Kd3 81. Bd6 Ke3 82. Be5
Kd3 83. Nf5 Ke2 84. Nd4+ Ke3 85. Bg3 Kd3 86. Bf4 Kc3 87. Nc6 Kd3 88. Nd4 Kc3
89. Be5 Kd3 90. Bf4 Kc3 91. Bd6 Kd3 92. Bf4 Kc3 93. Nf5 Kd3 94. Nd4 Kc3 95.
Ne6 Kd3 96. Nd4 Kc3 97. Be5 Kd3 98. Bf4 Kc3 99. Be5 Kd3 100. Bf4 Kc3 101.
Nc6 Kd3 102. Nd4 Kc3 103. Be5 Kd3 104. Bf4 Kc3 105. Ne6 Kd3 106. Nd4 Kc3
107. Bd6 Kd3 108. Bf4 Kc3 109. Bd6 Kd3 110. Bf4 Kc3 111. Be5 Kd3 112. Bf4
Kc3 113. Bd6 Kd3 114. Bf4 Kc3 115. Ne6 Kd3 116. Nd4 Kc3 117. Ne6 Kd3 118.
Nd4 Kc3 119. Ne6 {Game drawn by repetition} 1/2-1/2

[Event "GambitGuide"]
[Site "Internet Chess Club"]
[Date "2014.10.31"]
[Round "1"]
[White "JSBach"]
[Black "croder"]
[Result "1-0"]
[ICCResult "Black resigns"]
[WhiteElo "1657"]
[BlackElo "1604"]
[Opening "Vienna: `Frankenstein-Dracula' variation"]
[ECO "C27"]
[NIC "VG.02"]
[Time "21:19:50"]
[TimeControl "120+12"]

1. e4 e5 2. Nc3 Nf6 3. Bc4 Nxe4 4. Qh5 Nd6 5. Bb3 Nc6 6. Nb5 g6 7. Qf3 f5 8.
Qd5 Qe7 9. Nxc7+ Kd8 10. Nxa8 b6 11. d3 Bb7 12. Nxb6 axb6 13. Qf3 Kc7 14.
Bd2 Qf6 15. Rc1 h6 16. c3 g5 17. Be3 f4 18. Bd2 h5 19. Bd5 Ne7 20. Bxb7 Nxb7
21. d4 e4 22. Qxe4 Nd6 23. Qe5 Qh6 24. h4 Bg7 25. hxg5 Qxg5 26. Qxg5 Rg8 27.
Bxf4 {Black resigns} 1-0

[Event "GambitGuide"]
[Site "Internet Chess Club"]
[Date "2014.10.31"]
[Round "1"]
[White "JSBach"]
[Black "RamRock"]
[Result "1-0"]
[ICCResult "Black resigns"]
[WhiteElo "1657"]
[BlackElo "1685"]
[Opening "Vienna: `Frankenstein-Dracula' variation"]
[ECO "C27"]
[NIC "VG.02"]
[Time "21:19:02"]
[TimeControl "120+12"]

1. e4 e5 2. Nc3 Nf6 3. Bc4 Nxe4 4. Qh5 Nd6 5. Bb3 Nc6 6. Nb5 g6 7. Qf3 f5 8.
Qd5 Qe7 9. Nxc7+ Kd8 10. Nxa8 b6 11. d3 e4 12. dxe4 Nxe4 13. Be3 f4 14. Nxb6
axb6 15. Bxb6+ Ke8 16. Kf1 Ba6+ 17. c4 Nb4 18. Qa8+ Kf7 19. Rd1 Kg7 20. a3
Nc2 21. Nf3 Nd6 22. Qxa6 {Black resigns} 1-0

[Event "GambitGuide"]
[Site "Internet Chess Club"]
[Date "2014.10.31"]
[Round "1"]
[White "JSBach"]
[Black "croder"]
[Result "1-0"]
[ICCResult "Black checkmated"]
[WhiteElo "1673"]
[BlackElo "1604"]
[Opening "Vienna: `Frankenstein-Dracula' variation"]
[ECO "C27"]
[NIC "VG.02"]
[Time "21:20:36"]
[TimeControl "120+12"]

1. e4 e5 2. Nc3 Nf6 3. Bc4 Nxe4 4. Qh5 Nd6 5. Bb3 Nc6 6. Nb5 g6 7. Qf3 f5 8.
Qd5 Qe7 9. Nxc7+ Kd8 10. Nxa8 b6 11. d3 Bb7 12. Nxb6 axb6 13. Qf3 Kc7 14.
Bd2 Qf6 15. c3 g5 16. Bd5 Ne7 17. Bxb7 Nxb7 18. Qe3 d5 19. Nf3 h6 20. Nxe5
Nc6 21. Qxb6+ Kd6 22. Qxc6+ Kxe5 23. d4+ Ke4 24. f3+ Kd3 25. Qb5+ Kc2 26.
Rc1# {Black checkmated} 1-0

[Event "GambitGuide"]
[Site "Internet Chess Club"]
[Date "2014.10.31"]
[Round "1"]
[White "JSBach"]
[Black "croder"]
[Result "1-0"]
[ICCResult "Black resigns"]
[WhiteElo "1673"]
[BlackElo "1604"]
[Opening "Vienna: `Frankenstein-Dracula' variation"]
[ECO "C27"]
[NIC "VG.02"]
[Time "21:21:13"]
[TimeControl "120+12"]

1. e4 e5 2. Nc3 Nf6 3. Bc4 Nxe4 4. Qh5 Nd6 5. Bb3 Nc6 6. Nb5 g6 7. Qf3 f5 8.
Qd5 Qe7 9. Nxc7+ Kd8 10. Nxa8 b6 11. d3 Bb7 12. Nxb6 axb6 13. Qf3 Kc7 14.
Bd2 Qf6 15. Rc1 h6 16. c3 g5 17. Bd5 Ne7 18. Bxb7 Nxb7 19. d4 e4 20. Qe2 Nd5
21. Qa6 f4 22. Qb5 Qe6 23. c4 Nf6 24. d5 Qd6 25. Bc3 Bg7 26. Bb4 Qe5 27. d6+
Nxd6 28. Qxe5 {Black resigns} 1-0

[Event "GambitGuide"]
[Site "Internet Chess Club"]
[Date "2014.10.31"]
[Round "1"]
[White "JSBach"]
[Black "TGRUN"]
[Result "1-0"]
[ICCResult "Black resigns"]
[WhiteElo "1673"]
[BlackElo "1796"]
[Opening "Vienna: `Frankenstein-Dracula' variation"]
[ECO "C27"]
[NIC "VG.02"]
[Time "21:22:45"]
[TimeControl "120+12"]

1. e4 e5 2. Nc3 Nf6 3. Bc4 Nxe4 4. Qh5 Nd6 5. Bb3 Nc6 6. Nb5 g6 7. Qf3 f5 8.
Qd5 Qe7 9. Nxc7+ Kd8 10. Nxa8 b6 11. d3 Bb7 12. Nxb6 axb6 13. Qf3 Bg7 14.
Be3 Re8 15. Bxb6+ Kc8 16. Qd5 e4 17. Bc5 exd3+ 18. Kf1 Be5 19. Nf3 Qf6 20.
Nxe5 Qxe5 21. Qxe5 Nxe5 22. Bxd6 dxc2 23. Rc1 Nd3 24. Rxc2+ Kd8 25. Bc7+ Ke7
26. Re2+ Kf8 27. Bd6+ {Black resigns} 1-0